 Dungeon Crawl Stone Soup version 0.29.0-4-gdea44cf6ec (webtiles) character file.

Game seed: 6391825402764555843

31 tbh1313 the Sneak (level 3, 0/16 HPs)
             Began as a Spriggan Enchanter on Aug 27, 2022.
             Slain by Sigmund
             ... wielding a +3 vorpal scythe
              (4 damage)
             ... on level 2 of the Dungeon.
             The game lasted 00:01:46 (1057 turns).

tbh1313 the Sneak (Spriggan Enchanter)              Turns: 1057, Time: 00:01:47

Health: 0/16       AC:  2    Str:  4    XL:     3   Next: 7%
Magic:  8/8        EV: 17    Int: 16    God:
Gold:   16         SH:  0    Dex: 17    Spells: 7/7 levels left

rFire   . . .      SeeInvis +   a - +1 dagger
rCold   . . .      Faith    .   (no shield)
rNeg    . . .      Spirit   .   b - +0 robe
rPois   .          Reflect  .   (helmet restricted)
rElec   .          Harm     .   (no cloak)
rCorr   .          Rampage  .   (gloves unavailable)
Will    .....                   (boots unavailable)
Stlth   +++.......              e - amulet of magic regeneration
HPRegen 0.05/turn               d - +4 ring of slaying
MPRegen 0.51/turn               (no ring)

@: invisible, very quick
A: very small, no large weapons, unfitting armour, see invisible, speed 3
a: no special abilities


You were on level 2 of the Dungeon.
You visited 1 branch of the dungeon, and saw 2 of its levels.

You collected 36 gold pieces.
You spent 20 gold pieces at shops.

Inventory:

Hand Weapons
 a - a +1 dagger (weapon)
Armour
 b - a +0 robe (worn)
Jewellery
 d - a +4 ring of slaying (left hand)
 e - an amulet of magic regeneration (around neck)
Scrolls
 i - a scroll of fog {unknown}
 k - a scroll of torment {unknown}
Potions
 c - a potion of invisibility
 f - a potion of haste
 g - a potion of ambrosia {unknown}
 h - a potion of degeneration {unknown}
 j - a potion of brilliance {unknown}


   Skills:
 * Level 3.1 Short Blades
 - Level 2.6 Dodging
 + Level 4.8 Stealth
 - Level 2.6 Spellcasting
 - Level 3.6 Hexes


You had 7 spell levels left.
You didn't know any spells.
Your spell library contained the following spells:

 Spells                   Type           Power      Damage    Failure   Level
 Confusing Touch          Hex            13%        N/A       13%         3
 Tukima's Dance           Hex            13%        N/A       13%         3
 Ensorcelled Hibernation  Hex/Ice        14%        N/A       14%         2
 Freeze                   Ice            8%         1d3       19%         1
 Dazzling Flash           Conj/Hex       14%        N/A       28%         3
 Frozen Ramparts          Ice            4%         1d1       50%         3
 Hailstorm                Conj/Ice       2%         3d3       88%         4


Dungeon Overview and Level Annotations

Branches:
Dungeon (2/15)

Altars:

Shops:
D:1 ?

Annotations:
D:2 Sigmund


Innate Abilities, Weirdness & Mutations

You are very small and have problems with some larger weapons.
You are too small for most types of armour.
You have supernaturally acute eyesight. (SInv)
You cover ground extremely quickly. (Speed+++)


Message History

You hit the worm.
The worm is moderately wounded.
You puncture the worm!
The worm is almost dead.
The worm bites you but does no damage.
You barely miss the worm.
The worm is severely wounded.
You hit the worm.
You kill the worm!
You have reached level 3!
Your experience leads to an increase in your attributes!
Increase (S)trength, (I)ntelligence, or (D)exterity?
You feel agile. x2
Found a sling.
k - a scroll labelled CISEEL GEQET
Okay, then.
Found a pair of gloves.
You see here a +0 pair of gloves.
Sigmund the Dreaded comes into view.
He is wielding a +3 vorpal scythe.
A ball python comes into view.
The helpless ball python fails to defend itself.
You perforate the ball python like a sieve!!!
You kill the ball python!
Sigmund shouts!
You fade into invisibility!
You see here 17 gold pieces.
Found an emerald potion.
Sigmund closely misses you.
You hit Sigmund.
Sigmund is lightly wounded.
You catch the helpless Sigmund completely off-guard!
You puncture Sigmund!
Sigmund is severely wounded.
A kobold comes into view. It is wielding a +0 short sword.
The kobold shouts!
You hit Sigmund.
Sigmund is severely wounded.
Sigmund hits you with a +3 vorpal scythe!
Ouch! That really hurt!
* * * LOW HITPOINT WARNING * * *
You die...

#.# #.# #.
###.####.### #.
#...........
##.
#.##########
...#### #.#
##...####.#
##.........#
#...@.?.######
#...@$..†......
#....!..#######
#......##
#.#...##
#K##.## # #.#
.#! .# #


You could see Sigmund (unable to see you) and a kobold (wandering, unable to see
you).

Vanquished Creatures
  A worm (D:2)
  2 bats (D:1)
  An endoplasm (D:2)
  A goblin (D:2)
  7 hobgoblins (D:1)
  2 kobolds (D:1)
  2 quokkas
  3 ball pythons
  2 frilled lizards
  3 rats
24 creatures vanquished.

Notes
Turn   | Place    | Note
-------+----------+-------------------------------------------
     0 | D:1      | tbh1313 the Spriggan Enchanter began the quest for the Orb.
     0 | D:1      | Reached XP level 1. HP: 9/9 MP: 5/5
   232 | D:1      | Reached XP level 2. HP: 11/13 MP: 6/6
   612 | D:1      | Found Gutoga's Magic Scroll Emporium.
   618 | D:1      | Bought a scroll of identify for 20 gold pieces
   687 | D:1      | Found a faded altar of an unknown god.
   992 | D:2      | Reached XP level 3. HP: 16/16 MP: 8/8
  1048 | D:2      | Noticed Sigmund
  1057 | D:2      | Slain by Sigmund

Illustrated notes

Levels and vault maps discovered:
D:1:      psy_arrival_dodecagon, layout_rooms,
          hellmonk_ecumenical_altar_crossroads, serial_shops, shop,
          dreamdust_princess_bridge
D:2:      layout_loops_ring, minmay_surrounded, uniq_sigmund

Skill      XL: |  1  2 |
---------------+-------+-----
Short Blades   | 2 3 |  3.1
Dodging        | |  2.6
Stealth        | |  4.8
Spellcasting   | |  2.6
Hexes          | |  3.6

Action                   || total
-------------------------++-------
Melee: Dagger            ||    58
  Use: Scroll            ||     1
       Potion            ||     1
 Stab: Sleeping          ||     2
       Invisible         ||     1
Armor: Robe              ||     4
Dodge: Dodged            ||    42
